Map: Abyssal Reef LE

Players

Has - Winner!

  • Race: Protoss Protoss
  • Spawn Location: 11:00

TLO

  • Race: Zerg Zerg
  • Spawn Location: 5:00

Event: WCS Montreal 2017

VOD

Have the link to the VOD?

Description

Time

  • Played on: Sept. 8, 2017, 7:55 p.m.
  • Length: 13:05

All games in this series

Show
View Real Time Build Order
Export as new Build Order

Has Protoss - Winner!

Build Orders: 1 Gate Expand, Oracle Opening, Phoenix Opening 

Get SALT Encoding   

  12  0:00  Probe (Chrono Boost)  
  13  0:11  Probe (Chrono Boost)  
  14  0:18  Pylon  
  14  0:22  Probe (Chrono Boost)  
  15  0:36  Probe (Chrono Boost)  
  16  0:45  Gateway  
  16  0:47  Probe (Chrono Boost)  
  17  0:57  Probe (Chrono Boost)  
  17  0:59  Assimilator  
  18  1:08  Probe (Chrono Boost)  
  19  1:24  Nexus  
  19  1:34  Cybernetics Core  
  19  1:37  Probe (Chrono Boost)  
  20  1:43  Assimilator  
  20  1:47  Probe (Chrono Boost)  
  21  1:58  Probe (Chrono Boost)  
  21  1:59  Pylon  
  21  2:10  Adept (Chrono Boost)  
  23  2:17  Probe  
  24  2:25  Stargate  
  24  2:29  Probe  
  25  2:38  Probe (Chrono Boost)  
  25  2:43  Probe (Chrono Boost)  
  26  2:46  Adept (Chrono Boost)  
  26  2:49  Probe (Chrono Boost)  
  29  2:53  Probe (Chrono Boost)  
  30  3:00  Probe (Chrono Boost)  
  30  3:04  Probe (Chrono Boost)  
  32  3:05  Phoenix (Chrono Boost)  
  32  3:10  Probe  
  35  3:13  Adept (Chrono Boost)  
  35  3:15  Probe  
  38  3:22  Probe  
  39  3:27  Probe, Pylon  
  39  3:28  Oracle (Chrono Boost)  
  43  3:35  Probe (Chrono Boost)  
  43  3:38  Probe (Chrono Boost)  
  46  3:48  Probe  
  46  3:53  Nexus  
  46  3:54  Probe  
  47  3:59  Probe  
  47  4:01  Pylon  
  48  4:09  Probe, Oracle (Chrono Boost)  
  52  4:13  Mothership Core  
  54  4:20  Probe  
  51  4:27  Assimilator  
  51  4:28  Assimilator  
  51  4:30  Probe  
  51  4:34  Probe  
  51  4:35  Pylon  
  53  4:40  Oracle (Chrono Boost)  
  53  4:41  Probe  
  53  4:45  Assimilator  
  57  4:46  Probe  
  57  4:51  Probe  
  57  4:54  Pylon  
  57  4:58  Probe  
  59  5:02  Probe  
  59  5:04  Pylon  
  59  5:05  Probe  
  60  5:08  Assimilator  
  60  5:10  Probe, Forge  
  60  5:13  Probe  
  60  5:14  Oracle (Chrono Boost)  
  65  5:16  Probe  
  67  5:23  Probe x2  
  67  5:27  Probe  
  67  5:28  Stargate  
  70  5:31  Stargate  
  70  5:34  Probe  
  70  5:35  Probe  
  72  5:37  Probe  
  72  5:40  Stargate  
  73  5:44  Probe  
  73  5:45  Photon Cannon  
  73  5:47  Probe, Pylon  
  75  5:51  Probe, Oracle (Chrono Boost)  
  75  5:55  Probe  
  80  5:59  Probe  
  80  6:02  Probe  
  82  6:05  Probe  
  84  6:11  Probe  
  84  6:12  Probe  
  84  6:16  Probe  
  86  6:22  Oracle (Chrono Boost)  
  95  6:25  Oracle (Chrono Boost)  
  95  6:26  Probe, Oracle (Chrono Boost)  
  95  6:27  Probe  
  95  6:28  Probe  
  98  6:36  Probe  
  102  6:43  Oracle (Chrono Boost)  
  102  6:45  Probe  
  102  6:46  Probe  
  100  6:53  Oracle (Chrono Boost)  
  103  6:55  Nexus  
  103  6:56  Pylon  
  103  6:58  Pylon  
  103  6:59  Pylon x2  
  109  7:01  Oracle (Chrono Boost)  
  109  7:02  Pylon  
  109  7:05  Oracle (Chrono Boost), Pylon  
  112  7:16  Photon Cannon x2  
  112  7:18  Probe x2, Photon Cannon  
  112  7:19  Oracle (Chrono Boost)  
  112  7:20  Probe, Photon Cannon  
  115  7:24  Oracle (Chrono Boost)  
  115  7:28  Probe  
  118  7:30  Photon Cannon  
  122  7:37  Oracle (Chrono Boost)  
  122  7:41  Probe x2  
  122  7:43  Probe, Oracle (Chrono Boost)  
  128  7:50  Nexus  
  131  7:51  Pylon  
  131  7:55  Oracle x2 (Chrono Boost)  
  132  8:12  Oracle (Chrono Boost)  
  135  8:19  Assimilator x2, Oracle (Chrono Boost)  
  138  8:21  Photon Cannon  
  138  8:22  Photon Cannon  
  138  8:24  Photon Cannon  
  138  8:25  Photon Cannon  
  138  8:26  Oracle (Chrono Boost)  
  139  8:29  Photon Cannon  
  139  8:30  Pylon x2  
  139  8:31  Photon Cannon  
  142  8:36  Oracle (Chrono Boost)  
  136  8:47  Photon Cannon  
  136  8:48  Oracle (Chrono Boost)  
  139  8:49  Photon Cannon, Stargate  
  139  8:50  Photon Cannon  
  139  8:52  Photon Cannon  
  139  8:53  Photon Cannon  
  139  8:58  Oracle (Chrono Boost)  
  139  9:02  Photon Cannon  
  142  9:04  Photon Cannon  
  145  9:10  Oracle (Chrono Boost)  
  145  9:20  Photon Cannon  
  145  9:22  Photon Cannon, Oracle (Chrono Boost)  
  145  9:24  Photon Cannon, Oracle (Chrono Boost)  
  151  9:30  Photon Cannon  
  151  9:31  Photon Cannon  
  151  9:34  Photon Cannon  
  154  9:41  Oracle (Chrono Boost)  
  154  9:42  Oracle (Chrono Boost)  
  157  9:51  Oracle (Chrono Boost)  
  160  9:58  Oracle (Chrono Boost)  
  163  10:08  Oracle (Chrono Boost)  
  163  10:10  Photon Cannon  
  163  10:11  Photon Cannon  
  163  10:14  Photon Cannon x2  
  166  10:16  Photon Cannon  
  166  10:17  Photon Cannon, Oracle (Chrono Boost), Pylon  
  166  10:19  Oracle (Chrono Boost)  
  166  10:20  Probe x2  
  169  10:22  Probe  
  175  10:31  Assimilator, Oracle (Chrono Boost)  
  175  10:33  Assimilator  
  177  10:38  Oracle (Chrono Boost)  
  177  10:44  Oracle (Chrono Boost)  
  172  10:56  Oracle (Chrono Boost)  
  104  11:33  Nexus  
  104  11:35  Pylon  
  104  11:37  Pylon  
  104  11:38  Pylon  
  98  11:41  Pylon  
  96  12:08  Pylon  
  96  12:12  Pylon  
  61  12:36  Probe  
  60  12:47  Probe  
Show
View Real Time Build Order
Export as new Build Order

TLO Zerg 

Build Orders: Pool First 

Get SALT Encoding   

  12  0:00  Drone  
  13  0:12  Overlord  
  13  0:16  Drone  
  14  0:30  Drone  
  14  0:31  Drone  
  16  0:41  Spawning Pool  
  15  0:44  Drone  
  15  0:49  Drone  
  17  1:13  Hatchery  
  17  1:14  Drone  
  17  1:17  Drone  
  18  1:23  Extractor  
  17  1:28  Zergling x4  
  19  1:36  Queen  
  21  1:43  Overlord  
  21  1:49  Drone  
  22  2:04  Drone  
  23  2:11  Drone  
  23  2:12  Queen  
  26  2:25  Metabolic Boost  
  26  2:30  Drone x2  
  26  2:32  Drone  
  28  2:45  Hatchery  
  28  2:51  Drone x2  
  28  2:52  Drone  
  28  2:56  Drone x2  
  32  3:01  Overlord  
  32  3:04  Drone  
  33  3:11  Queen  
  35  3:18  Overlord  
  35  3:21  Drone  
  35  3:22  Zergling x4  
  35  3:24  Drone  
  35  3:26  Drone  
  40  3:29  Drone  
  40  3:32  Overlord  
  41  3:34  Drone  
  41  3:35  Drone  
  43  3:44  Spore Crawler  
  43  3:45  Spore Crawler x2  
  43  3:47  Drone  
  41  3:51  Drone  
  41  3:54  Drone  
  41  3:55  Drone  
  44  3:56  Drone  
  44  3:57  Zergling x2  
  44  3:58  Zergling x2  
  44  4:00  Drone  
  48  4:05  Drone  
  48  4:07  Drone  
  48  4:08  Zergling x2  
  48  4:09  Zergling x2  
  52  4:10  Zergling x2  
  52  4:19  Drone  
  52  4:20  Drone  
  52  4:21  Drone  
  52  4:22  Drone  
  52  4:23  Drone  
  54  4:27  Drone  
  54  4:28  Drone x2  
  54  4:30  Drone  
  58  4:37  Lair  
  58  4:39  Overlord  
  58  4:44  Extractor, Evolution Chamber  
  56  4:46  Extractor, Drone  
  56  4:47  Extractor, Drone  
  56  4:48  Drone  
  56  4:50  Drone  
  56  4:51  Drone  
  56  4:53  Drone  
  56  4:55  Drone  
  59  5:00  Drone  
  59  5:01  Drone x2  
  59  5:03  Drone  
  59  5:04  Zergling x2  
  59  5:05  Drone  
  59  5:06  Drone  
  65  5:07  Drone  
  65  5:12  Overlord x2  
  66  5:16  Spore Crawler, Zerg Missile Weapons Level 1  
  66  5:20  Spore Crawler, Drone  
  65  5:22  Drone  
  66  5:32  Drone x7  
  66  5:33  Drone  
  74  5:37  Hydralisk Den, Drone  
  74  5:39  Zergling x2  
  75  5:44  Zergling x2  
  75  5:45  Spore Crawler, Zergling x2  
  75  5:46  Zergling x2  
  75  5:47  Zergling x2  
  75  5:48  Drone  
  79  5:51  Extractor, Drone  
  79  5:52  Zergling x2  
  79  5:53  Zergling x2  
  79  5:56  Drone  
  82  5:57  Overlord  
  82  5:59  Overlord  
  82  6:02  Extractor  
  82  6:03  Overlord  
  81  6:06  Muscular Augments  
  81  6:07  Overlord  
  81  6:14  Overlord  
  81  6:17  Hydralisk x3  
  86  6:19  Hydralisk  
  86  6:21  Hydralisk  
  86  6:23  Hydralisk  
  89  6:26  Hydralisk  
  89  6:32  Hydralisk  
  90  6:33  Hydralisk  
  90  6:34  Hydralisk  
  90  6:37  Hydralisk  
  94  6:43  Hydralisk x2  
  94  6:44  Hydralisk  
  94  6:47  Drone x2  
  94  6:49  Drone  
  94  6:51  Hydralisk  
  98  6:55  Queen x2  
  98  6:57  Drone  
  98  6:58  Drone  
  104  7:03  Overlord, Hydralisk  
  104  7:07  Spore Crawler  
  104  7:08  Hydralisk  
  106  7:10  Overlord  
  105  7:18  Drone x4  
  105  7:21  Queen  
  105  7:22  Zergling x2  
  112  7:23  Zergling x4  
  112  7:26  Zerg Missile Weapons Level 2  
  112  7:29  Overlord  
  114  7:35  Hydralisk x2  
  116  7:37  Hydralisk  
  116  7:39  Hydralisk  
  116  7:43  Hydralisk  
  120  7:45  Spore Crawler, Hydralisk  
  120  7:48  Overlord  
  123  7:51  Overseer  
  123  7:54  Overlord, Hydralisk  
  123  7:56  Hydralisk  
  127  8:03  Hydralisk  
  127  8:04  Hydralisk x2  
  133  8:06  Hydralisk  
  133  8:09  Hydralisk  
  137  8:18  Hydralisk  
  139  8:20  Hatchery  
  139  8:21  Hydralisk  
  139  8:24  Hydralisk  
  139  8:26  Hydralisk  
  142  8:34  Hydralisk x3  
  142  8:38  Hydralisk  
  150  8:48  Hydralisk  
  150  8:49  Overlord  
  152  8:58  Overlord  
  152  9:00  Overlord  
  152  9:06  Overlord  
  152  9:08  Spore Crawler  
  152  9:09  Spore Crawler x2, Hydralisk x2  
  150  9:10  Hydralisk  
  150  9:14  Hydralisk  
  150  9:16  Hydralisk x3  
  156  9:17  Hydralisk  
  156  9:21  Hydralisk  
  156  9:23  Hydralisk  
  162  9:25  Hydralisk  
  162  9:27  Zergling x2  
  162  9:29  Zergling x2  
  162  9:30  Hydralisk  
  168  9:33  Hydralisk  
  170  9:38  Hydralisk  
  170  9:40  Hydralisk  
  170  9:41  Hydralisk  
  170  9:44  Hydralisk  
  176  9:46  Hydralisk  
  176  9:49  Zergling x4  
  180  9:53  Hydralisk  
  180  9:57  Zergling x2  
  167  10:01  Hydralisk  
  167  10:06  Hydralisk  
  171  10:18  Hydralisk x2  
  175  10:22  Hatchery  
  175  10:25  Spore Crawler  
  175  10:26  Spore Crawler  
  172  10:28  Hydralisk  
  172  10:29  Spore Crawler  
  172  10:37  Hydralisk x2  
  176  10:44  Hydralisk x2  
  159  11:02  Spore Crawler  
  151  11:14  Spore Crawler  
  151  11:15  Spore Crawler  
  151  11:17  Spore Crawler  
  127  11:32  Lurker Den  
  125  11:40  Drone  
  126  11:54  Drone  
  121  11:56  Drone  
  121  11:58  Drone  
  104  12:11  Hydralisk  
  33  12:31  Hydralisk  
Tags
 
Add a new tag
Caveats
  • Supply blocks, unpowered buildings, or Contaminate may cause inaccurate times.
  • Supply counts are checked every 10 seconds.